Sasquatch vs Ice Dragons
(R1)
Created - November 26, 2018 at 19:11
Goals
|
| Sasquatch |
2 |
1 |
0 |
3 |
| Ice Dragons |
2 |
2 |
1 |
5 |
|
Shots
|
| Sasquatch |
12 |
12 |
11 |
35 |
| Ice Dragons |
10 |
16 |
4 |
30 |
|
1st period
1. Ice Dragons , Steve Ott 4 (Alex Plante 5, Logan MacMillan 7) at 2:49
2. Sasquatch , Brett Pesce 1 (Andrew Campbell 4, Devin Shore 4) at 9:40
3. Ice Dragons , Emil Pettersson 1 (Michael Stone 4, Kevin Connauton 11) at 10:57
4. Sasquatch , Jeff Skinner 8 (Drew Shore 17, Matt Halischuk 17) at 17:26 (PP)
Penalties :
Brandon Kozun (Kin) for Interference (Minor) at 13:52, Emil Pettersson (Kin) for Holding Stick (Minor) at 17:11, Brock Trotter (Gat) for Holding (Minor) at 19:35
2nd period
5. Sasquatch , Devin Shore 4 (Brock Trotter 10) at 8:40
6. Ice Dragons , Michael Stone 1 (Stefan Ruzicka 9, Steve Ott 11) at 14:11 (PP)
7. Ice Dragons , Logan MacMillan 3 (Samuel Groulx 6, Steve Ott 12) at 18:44 (PP)
Penalties :
Jesper Fast (Gat) for Close Hand On Puck (Minor) at 5:59, Logan MacMillan (Kin) for Goalie Interference (Minor) at 11:11, Brock Trotter (Gat) for Tripping (Minor) at 13:07, Petr Straka (Gat) for Hooking (Minor) at 18:32
3rd period
8. Ice Dragons , Steve Ott 5 (Logan MacMillan 8) at 3:05
Penalties :
Alex Plante (Kin) for Holding (Minor) at 6:29, Chris Wagner (Kin) for Hooking (Minor) at 9:40, Michael Ferland (Kin) for High sticking (Minor) at 11:53, Brett Pesce (Gat) for Holding (Minor) at 14:45
Goalie Stats
Corey Crawford (Gat), 25 saves from 30 shots - (0.833), L, 7-6-1, 60:00 minutes
Harru Sateri (Kin), 32 saves from 35 shots - (0.914), W, 5-4-0, 60:00 minutes
Players Stats for Sasquatch
Player Name G A P +/- PIM S H SB GA TA FO MP PP MP PK MP
------------------------------------------------------------------------------------
Andrew Campbell 0 1 1 1 0 1 0 0 0 0 0/0 10:06 0:00 0:00
Brett Pesce 1 0 1 1 2 2 1 1 0 0 0/0 10:05 0:00 0:00
Brock Trotter 0 1 1 0 4 5 1 0 0 0 1/1 14:20 4:11 0:00
Devin Shore 1 1 2 0 0 2 0 0 0 0 2/3 9:56 0:05 0:00
Dougie Hamilton 0 0 0 -2 0 2 2 2 0 2 0/0 28:15 5:52 5:06
Drew Shore 0 1 1 -1 0 7 2 0 0 2 15/35 24:45 5:32 5:25
Jeff Skinner 1 0 1 -1 0 1 3 0 1 0 0/1 19:04 5:22 0:12
Jesper Fast 0 0 0 -1 2 2 2 1 1 0 1/1 17:28 4:12 0:00
Martin Marincin 0 0 0 0 0 1 0 2 1 0 0/0 21:39 4:15 2:04
Matt Halischuk 0 1 1 0 0 1 4 1 0 1 1/2 16:50 5:22 0:00
Melker Karlsson 0 0 0 0 0 3 1 0 0 0 2/8 15:04 4:12 0:00
Nicolas Deslauriers 0 0 0 0 0 2 2 0 0 0 1/2 13:36 0:00 5:13
Patrick Wey 0 0 0 -2 0 0 1 2 1 0 0/0 28:15 5:52 5:06
Petr Straka 0 0 0 0 2 1 1 0 0 0 0/0 10:18 0:17 0:00
Slava Voynov 0 0 0 0 0 0 2 0 0 0 0/0 21:39 4:15 2:04
Sven Andrighetto 0 0 0 0 0 0 2 0 0 0 0/0 7:30 0:00 0:00
T.J. Tynan 0 0 0 0 0 2 0 0 0 0 5/6 10:27 0:34 1:45
Teemu Hartikainen 0 0 0 0 0 3 3 0 0 0 0/1 13:25 0:33 1:45
Players Stats for Ice Dragons
Player Name G A P +/- PIM S H SB GA TA FO MP PP MP PK MP
------------------------------------------------------------------------------------
Alex Plante 0 1 1 0 2 0 1 2 0 0 0/0 10:57 0:00 0:00
Brandon Kozun 0 0 0 -1 2 0 2 1 0 0 0/0 15:04 2:03 0:00
Chris Wagner 0 0 0 -1 2 0 0 0 0 0 0/0 5:58 0:00 0:00
Christian Djoos 0 0 0 0 0 0 1 0 0 0 0/0 10:27 0:00 0:00
Damon Severson 0 0 0 1 0 2 2 1 0 0 0/0 21:09 2:15 3:38
Emil Pettersson 1 0 1 1 2 1 0 0 0 0 4/6 11:10 0:00 0:00
Justin Shugg 0 0 0 1 0 1 0 0 0 0 0/0 11:15 0:00 0:00
Kevin Connauton 0 1 1 0 0 1 2 0 0 1 0/0 28:24 4:55 6:29
Logan MacMillan 1 2 3 2 2 2 2 0 0 2 0/1 19:11 5:07 2:12
Michael Chaput 0 0 0 -1 0 0 3 0 0 1 6/15 17:50 2:03 2:49
Michael Ferland 0 0 0 1 2 1 1 0 1 0 0/1 14:08 0:00 1:43
Michael Stone 1 1 2 0 0 3 2 0 0 0 0/0 28:24 4:55 6:29
Sam Carrick 0 0 0 -1 0 0 0 0 0 0 1/2 6:20 0:00 0:00
Samuel Groulx 0 1 1 1 0 3 0 1 0 0 0/0 21:09 2:15 3:38
Stefan Ruzicka 0 1 1 0 0 8 2 0 4 0 4/8 26:47 5:07 5:26
Steve Ott 2 2 4 2 0 6 0 3 0 0 17/26 21:55 5:07 5:23
Theodor Blueger 0 0 0 1 0 0 0 0 0 0 0/1 2:32 0:00 0:46
William Carrier 0 0 0 -1 0 2 2 0 0 0 0/0 17:04 2:03 1:55
3 Stars
1 - Steve Ott (Kin)
2 - Logan MacMillan (Kin)
3 - Michael Stone (Kin)
Power Play
Sasquatch - 1 on 6 Attempt(s) - 16.67%
Ice Dragons - 2 on 5 Attempt(s) - 40.00%
Penalty Kill
Sasquatch - 3 on 5 Attempt(s) - 60.00%
- Score 0 goal in Penalty Kill
Ice Dragons - 5 on 6 Attempt(s) - 83.33%
- Score 0 goal in Penalty Kill
Team Stat
Sasquatch - Hits : 27 - Faceoff Wins : 28 - Blocked Shots : 9 - Penalty Minutes : 10
Ice Dragons - Hits : 20 - Faceoff Wins : 32 - Blocked Shots : 8 - Penalty Minutes : 12
Official
Referees : Unknown
Linesman : Unknown
Game Notes
No Game Note
Finance
Level 1 -- Attendance: 1551 (77.55%) -- Ticket Income $62,040
Level 2 -- Attendance: 715 (71.50%) -- Ticket Income $14,300
Total Attendance: 2266 (75.53%)
Total Ticket Income: $76,340
Other Income: $3,817
Total Income: $80,157
Sasquatch
5 vs 5 Forward
Center Left Wing Right Wing Time % Phy DF OF
1 Drew Shore Jeff Skinner Jesper Fast 40 1 2 2
2 Melker Karlsson Teemu Hartikainen Matt Halischuk 30 1 2 2
3 Devin Shore Brock Trotter Petr Straka 20 1 2 2
4 T.J. Tynan Nicolas Deslauriers Sven Andrighetto 10 1 2 2
5 vs 5 Defense
Defense Defense Time % Phy DF OF
1 Patrick Wey Dougie Hamilton 40 1 2 2
2 Martin Marincin Slava Voynov 30 1 2 2
3 Brett Pesce Andrew Campbell 20 1 2 2
4 Patrick Wey Dougie Hamilton 10 1 2 2
PowerPlay Forward
Center Left Wing Right Wing Time % Phy DF OF
1 Drew Shore Jeff Skinner Matt Halischuk 60 1 2 2
2 Melker Karlsson Brock Trotter Jesper Fast 40 1 2 2
PowerPlay Defense
Defense Defense Time % Phy DF OF
1 Patrick Wey Dougie Hamilton 60 1 2 2
2 Martin Marincin Slava Voynov 40 1 2 2
Penalty Kill 4 Players Forward
Center Wing Time % Phy DF OF
1 Drew Shore Nicolas Deslauriers 60 1 2 2
2 T.J. Tynan Teemu Hartikainen 40 1 2 2
Penalty Kill 4 Players Defense
Defense Defense Time % Phy DF OF
1 Patrick Wey Dougie Hamilton 60 1 2 2
2 Martin Marincin Slava Voynov 40 1 2 2
Penalty Kill - 3 Players Forward
Forward Time % Phy DF OF
1 Drew Shore 60 1 2 2
2 Melker Karlsson 40 1 2 2
Penalty Kill - 3 Players Defense
Defense Defense Time % Phy DF OF
1 Patrick Wey Dougie Hamilton 60 1 2 2
2 Martin Marincin Slava Voynov 40 1 2 2
4 vs 4 Forward
Center Wing Time % Phy DF OF
1 Drew Shore Jeff Skinner 60 1 2 2
2 Matt Halischuk Brock Trotter 40 1 2 2
4 vs 4 Defense
Defense Defense Time % Phy DF OF
1 Patrick Wey Dougie Hamilton 60 1 2 2
2 Martin Marincin Slava Voynov 40 1 2 2
Last Minutes Offensive
Center Left Wing Right Wing Defense Defense
Drew Shore Jeff Skinner Jesper Fast Patrick Wey Dougie Hamilton
Last Minutes Defensive
Center Left Wing Right Wing Defense Defense
Drew Shore Jeff Skinner Jesper Fast Patrick Wey Dougie Hamilton
Goaltenders
Starting : Corey Crawford
Backup : Joonas Korpisalo
Extra Forwards
Normal : T.J. Tynan, Teemu Hartikainen, Nicolas Deslauriers - PP : T.J. Tynan, Teemu Hartikainen - PK : Devin Shore
Extra Defensemen
Normal : Brett Pesce, Andrew Campbell, Martin Marincin - PP : Brett Pesce - PK : Andrew Campbell, Martin Marincin
Penalty Shots
Jeff Skinner, Melker Karlsson, Devin Shore, Petr Straka, Matt Halischuk
Scratches
Sergey Kalinin (Healthy), Ryan Dzingel (Healthy), Ty Rattie (Healthy), Ryan Pulock (Healthy), Joey Laleggia (Healthy)
Cal Petersen (Healthy)
Ice Dragons
5 vs 5 Forward
Center Left Wing Right Wing Time % Phy DF OF
1 Steve Ott Logan MacMillan Stefan Ruzicka 40 1 2 2
2 Michael Chaput William Carrier Brandon Kozun 30 1 2 2
3 Emil Pettersson Michael Ferland Justin Shugg 20 1 2 2
4 Sam Carrick Stefan Ruzicka Chris Wagner 10 1 2 2
5 vs 5 Defense
Defense Defense Time % Phy DF OF
1 Kevin Connauton Michael Stone 40 1 2 2
2 Damon Severson Samuel Groulx 30 1 2 2
3 Alex Plante Christian Djoos 20 1 2 2
4 Kevin Connauton Michael Stone 10 1 2 2
PowerPlay Forward
Center Left Wing Right Wing Time % Phy DF OF
1 Steve Ott Logan MacMillan Stefan Ruzicka 60 1 2 2
2 Michael Chaput William Carrier Brandon Kozun 40 1 2 2
PowerPlay Defense
Defense Defense Time % Phy DF OF
1 Kevin Connauton Michael Stone 60 1 2 2
2 Damon Severson Samuel Groulx 40 1 2 2
Penalty Kill 4 Players Forward
Center Wing Time % Phy DF OF
1 Stefan Ruzicka Steve Ott 60 1 2 2
2 Logan MacMillan Michael Chaput 40 1 2 2
Penalty Kill 4 Players Defense
Defense Defense Time % Phy DF OF
1 Kevin Connauton Michael Stone 60 1 2 2
2 Damon Severson Samuel Groulx 40 1 2 2
Penalty Kill - 3 Players Forward
Forward Time % Phy DF OF
1 Stefan Ruzicka 60 1 2 2
2 Steve Ott 40 1 2 2
Penalty Kill - 3 Players Defense
Defense Defense Time % Phy DF OF
1 Kevin Connauton Michael Stone 60 1 2 2
2 Damon Severson Samuel Groulx 40 1 2 2
4 vs 4 Forward
Center Wing Time % Phy DF OF
1 Stefan Ruzicka Steve Ott 60 1 2 2
2 Brandon Kozun Michael Chaput 40 1 2 2
4 vs 4 Defense
Defense Defense Time % Phy DF OF
1 Kevin Connauton Michael Stone 60 1 2 2
2 Damon Severson Samuel Groulx 40 1 2 2
Last Minutes Offensive
Center Left Wing Right Wing Defense Defense
Steve Ott Logan MacMillan Stefan Ruzicka Kevin Connauton Michael Stone
Last Minutes Defensive
Center Left Wing Right Wing Defense Defense
Steve Ott Logan MacMillan Stefan Ruzicka Kevin Connauton Michael Stone
Goaltenders
Starting : Harru Sateri
Backup : Anders Nilsson
Extra Forwards
Normal : Theodor Blueger, Sam Carrick, Michael Ferland - PP : Theodor Blueger, Sam Carrick - PK : Michael Ferland
Extra Defensemen
Normal : Alex Plante, Christian Djoos, Damon Severson - PP : Alex Plante - PK : Christian Djoos, Damon Severson
Penalty Shots
Stefan Ruzicka, Steve Ott, Michael Stone, Michael Chaput, Brandon Kozun
Scratches
Thomas Gobeil (Healthy), Brayden McNabb (Sore Left Knee Injury), Alex Henriksson (Healthy), Cole Ully (Healthy), Oscar Dansk (Healthy)
% Time on Ice - Sasquatch
Lines # - Real PCT - Wanted PCT - Time Play
Normal Forward
1 - 34% - 40% - 14:27
2 - 25% - 30% - 10:52
3 - 23% - 20% - 9:51
4 - 18% - 10% - 7:30
Normal Defense
1 - 38% - 40% - 16:12
2 - 36% - 30% - 15:20
3 - 24% - 20% - 10:06
4 - 2% - 10% - 1:02
PP Forward
1 - 58% - 60% - 5:55
2 - 42% - 40% - 4:12
PP Defense
1 - 58% - 60% - 5:52
2 - 42% - 40% - 4:15
PK Forward
1 - 76% - 60% - 5:25
2 - 24% - 40% - 1:45
PK Defense
1 - 71% - 60% - 5:06
2 - 29% - 40% - 2:04
PK3 Forward
1 - 0% - 60%
2 - 0% - 40%
PK3 Defense
1 - 0% - 60%
2 - 0% - 40%
44 Forward
1 - 100% - 60% - 0:03
2 - 0% - 40% - 0:00
44 Defense
1 - 100% - 60% - 0:03
2 - 0% - 40% - 0:00
Last Minute Offensive - 0:00
Last Minute Defensive - 0:00
Total
Forward - 60:00
Defense - 60:00
|
% Time on Ice - Ice Dragons
Lines # - Real PCT - Wanted PCT - Time Play
Normal Forward
1 - 29% - 40% - 12:21
2 - 31% - 30% - 13:23
3 - 26% - 20% - 11:11
4 - 13% - 10% - 5:45
Normal Defense
1 - 36% - 40% - 15:32
2 - 36% - 30% - 15:16
3 - 24% - 20% - 10:27
4 - 3% - 10% - 1:25
PP Forward
1 - 71% - 60% - 5:07
2 - 29% - 40% - 2:03
PP Defense
1 - 69% - 60% - 4:55
2 - 31% - 40% - 2:15
PK Forward
1 - 72% - 60% - 7:18
2 - 28% - 40% - 2:49
PK Defense
1 - 64% - 60% - 6:29
2 - 36% - 40% - 3:38
PK3 Forward
1 - 0% - 60%
2 - 0% - 40%
PK3 Defense
1 - 0% - 60%
2 - 0% - 40%
44 Forward
1 - 100% - 60% - 0:03
2 - 0% - 40% - 0:00
44 Defense
1 - 100% - 60% - 0:03
2 - 0% - 40% - 0:00
Last Minute Offensive - 0:00
Last Minute Defensive - 0:00
Total
Forward - 60:00
Defense - 60:00
|
Play by Play
1st period
0:01 of 1st period - Steve Ott wins face-off versus Jeff Skinner in neutral zone.
0:31 of 1st period - William Carrier is hit by Slava Voynov and loses puck.
2:04 of 1st period - Samuel Groulx is hit by Brett Pesce.
2:35 of 1st period - Wrist shot by Nicolas Deslauriers.
2:35 of 1st period - Stopped by Harru Sateri without a rebound.
2:36 of 1st period - Steve Ott wins face-off versus Drew Shore in Ice Dragons zone.
2:41 of 1st period - Wrist shot by Stefan Ruzicka.
2:41 of 1st period - Stopped by Corey Crawford with a rebound.
2:43 of 1st period - Snap shot by Logan MacMillan.
2:43 of 1st period - Stopped by Corey Crawford with a rebound.
2:45 of 1st period - Slapshot by Steve Ott.
2:45 of 1st period - Shot Misses the Net.
2:47 of 1st period - Slapshot by Alex Plante.
2:47 of 1st period - Shot Blocked by Jesper Fast.
2:49 of 1st period - Snap shot by Steve Ott.
2:49 of 1st period - Goal by Steve Ott - Sasquatch : 0 - Ice Dragons : 1.
2:50 of 1st period - Jesper Fast wins face-off versus Steve Ott in neutral zone.
3:15 of 1st period - Teemu Hartikainen is hit by Christian Djoos and loses puck.
3:46 of 1st period - Wrist shot by Justin Shugg.
3:46 of 1st period - Stopped by Corey Crawford with a rebound.
4:02 of 1st period - Snap shot by Jeff Skinner.
4:02 of 1st period - Shot Misses the Net.
4:08 of 1st period - Snap shot by Jeff Skinner.
4:08 of 1st period - Shot Misses the Net.
4:10 of 1st period - Snap shot by Jesper Fast.
4:10 of 1st period - Shot Misses the Net.
4:26 of 1st period - Wrist shot by Nicolas Deslauriers.
4:26 of 1st period - Shot Misses the Net.
6:23 of 1st period - Kevin Connauton is hit by Matt Halischuk and loses puck.
6:28 of 1st period - Snap shot by Matt Halischuk.
6:28 of 1st period - Shot Misses the Net.
6:40 of 1st period - Slava Voynov is hit by William Carrier.
6:54 of 1st period - Damon Severson is hit by Nicolas Deslauriers and loses puck.
7:15 of 1st period - Icing by Devin Shore.
7:16 of 1st period - Devin Shore wins face-off versus Steve Ott in Sasquatch zone.
7:28 of 1st period - Petr Straka is hit by Michael Stone and loses puck.
7:48 of 1st period - Patrick Wey is hit by Alex Plante and loses puck.
8:30 of 1st period - Wrist shot by Stefan Ruzicka.
8:30 of 1st period - Stopped by Corey Crawford with a rebound.
8:55 of 1st period - Icing by Brett Pesce.
8:56 of 1st period - Devin Shore wins face-off versus Michael Chaput in Sasquatch zone.
9:20 of 1st period - Snap shot by Brock Trotter.
9:20 of 1st period - Stopped by Harru Sateri with a rebound.
9:22 of 1st period - Slapshot by Andrew Campbell.
9:22 of 1st period - Stopped by Harru Sateri with a rebound.
9:34 of 1st period - Snap shot by Devin Shore.
9:34 of 1st period - Stopped by Harru Sateri with a rebound.
9:36 of 1st period - Snap shot by Andrew Campbell.
9:36 of 1st period - Shot Misses the Net.
9:38 of 1st period - Snap shot by Brett Pesce.
9:38 of 1st period - Stopped by Harru Sateri with a rebound.
9:40 of 1st period - Slapshot by Brett Pesce.
9:40 of 1st period - Goal by Brett Pesce - Sasquatch : 1 - Ice Dragons : 1.
9:41 of 1st period - Drew Shore wins face-off versus Steve Ott in neutral zone.
9:50 of 1st period - Snap shot by Jesper Fast.
9:50 of 1st period - Deflect By Drew Shore.
9:50 of 1st period - Stopped by Harru Sateri with a rebound.
9:55 of 1st period - Off-side.
9:56 of 1st period - Steve Ott wins face-off versus Melker Karlsson in neutral zone.
10:18 of 1st period - Icing by Michael Stone.
10:19 of 1st period - Drew Shore wins face-off versus Emil Pettersson in Ice Dragons zone.
10:24 of 1st period - Wrist shot by Drew Shore.
10:24 of 1st period - Stopped by Harru Sateri with a rebound.
10:26 of 1st period - Slapshot by Slava Voynov.
10:26 of 1st period - Shot Misses the Net.
10:44 of 1st period - Kevin Connauton is hit by Petr Straka and loses puck.
10:57 of 1st period - Backhand shot by Emil Pettersson.
10:57 of 1st period - Goal by Emil Pettersson - Sasquatch : 1 - Ice Dragons : 2.
10:58 of 1st period - Steve Ott wins face-off versus Drew Shore in neutral zone.
11:30 of 1st period - Snap shot by Teemu Hartikainen.
11:30 of 1st period - Stopped by Harru Sateri with a rebound.
11:32 of 1st period - Snap shot by Melker Karlsson.
11:32 of 1st period - Shot Misses the Net.
11:48 of 1st period - Kevin Connauton is hit by Slava Voynov and loses puck.
12:03 of 1st period - Slapshot by Damon Severson.
12:03 of 1st period - Stopped by Corey Crawford with a rebound.
12:07 of 1st period - Slapshot by Sam Carrick.
12:07 of 1st period - Shot Misses the Net.
12:09 of 1st period - Slapshot by Samuel Groulx.
12:09 of 1st period - Stopped by Corey Crawford without a rebound.
12:10 of 1st period - Michael Chaput wins face-off versus Drew Shore in Sasquatch zone.
12:19 of 1st period - Wrist shot by Jesper Fast.
12:19 of 1st period - Shot Misses the Net.
12:21 of 1st period - Wrist shot by Jesper Fast.
12:21 of 1st period - Shot Blocked by Brandon Kozun.
12:23 of 1st period - Wrist shot by Drew Shore.
12:23 of 1st period - Shot Misses the Net.
13:35 of 1st period - Kevin Connauton is hit by Sven Andrighetto and loses puck.
13:52 of 1st period - Minor Penalty to Brandon Kozun for Interference.
13:53 of 1st period - Drew Shore wins face-off versus Stefan Ruzicka in Ice Dragons zone.
14:10 of 1st period - Drew Shore is hit by Kevin Connauton.
15:04 of 1st period - Icing by Matt Halischuk.
15:05 of 1st period - Drew Shore wins face-off versus Michael Ferland in Sasquatch zone.
15:52 of 1st period - Penalty to Brandon Kozun is over, Brandon Kozun is back on ice.
15:52 of 1st period - Kevin Connauton is hit by Matt Halischuk and loses puck.
16:02 of 1st period - Off-side.
16:03 of 1st period - Michael Chaput wins face-off versus Nicolas Deslauriers in neutral zone.
16:05 of 1st period - Off-side.
16:06 of 1st period - Nicolas Deslauriers wins face-off versus Michael Chaput in neutral zone.
16:13 of 1st period - Slapshot by Nicolas Deslauriers.
16:13 of 1st period - Shot Blocked by Samuel Groulx.
16:47 of 1st period - Jesper Fast is hit by Stefan Ruzicka and loses puck.
17:06 of 1st period - Slapshot by Kevin Connauton.
17:06 of 1st period - Shot Blocked by Matt Halischuk.
17:11 of 1st period - Minor Penalty to Emil Pettersson for Holding Stick.
17:12 of 1st period - Stefan Ruzicka wins face-off versus Drew Shore in Ice Dragons zone.
17:20 of 1st period - Snap shot by Matt Halischuk.
17:20 of 1st period - Shot Misses the Net.
17:26 of 1st period - Slapshot by Jeff Skinner.
17:26 of 1st period - Goal by Jeff Skinner - Sasquatch : 2 - Ice Dragons : 2.
17:27 of 1st period - Drew Shore wins face-off versus Steve Ott in neutral zone.
17:54 of 1st period - William Carrier is hit by Teemu Hartikainen and loses puck.
17:59 of 1st period - Snap shot by Matt Halischuk.
17:59 of 1st period - Shot Misses the Net.
18:01 of 1st period - Snap shot by Melker Karlsson.
18:01 of 1st period - Stopped by Harru Sateri with a rebound.
18:03 of 1st period - Slapshot by Patrick Wey.
18:03 of 1st period - Shot Misses the Net.
18:35 of 1st period - Snap shot by Brock Trotter.
18:35 of 1st period - Stopped by Harru Sateri without a rebound.
18:36 of 1st period - Sam Carrick wins face-off versus Drew Shore in Ice Dragons zone.
18:36 of 1st period - Sam Carrick is hit by Jeff Skinner.
19:35 of 1st period - Minor Penalty to Brock Trotter for Holding.
19:36 of 1st period - Steve Ott wins face-off versus Drew Shore in Sasquatch zone.
19:39 of 1st period - Wrist shot by Steve Ott.
19:39 of 1st period - Stopped by Corey Crawford with a rebound.
19:49 of 1st period - Snap shot by Stefan Ruzicka.
19:49 of 1st period - Stopped by Corey Crawford with a rebound.
Goals for this period are 2 for Sasquatch vs 2 for Ice Dragons.
Shots for this period are 12 for Sasquatch vs 10 for Ice Dragons.
2nd period
0:01 of 2nd period - Steve Ott wins face-off versus Drew Shore in neutral zone.
0:08 of 2nd period - Snap shot by Steve Ott.
0:08 of 2nd period - Stopped by Corey Crawford without a rebound.
0:09 of 2nd period - Steve Ott wins face-off versus Drew Shore in Sasquatch zone.
0:22 of 2nd period - Slapshot by Steve Ott.
0:22 of 2nd period - Shot Misses the Net.
1:16 of 2nd period - Wrist shot by Stefan Ruzicka.
1:16 of 2nd period - Shot Blocked by Dougie Hamilton.
1:18 of 2nd period - Snap shot by Stefan Ruzicka.
1:18 of 2nd period - Stopped by Corey Crawford with a rebound.
1:20 of 2nd period - Slapshot by Kevin Connauton.
1:20 of 2nd period - Shot Misses the Net.
1:35 of 2nd period - Penalty to Brock Trotter is over, Brock Trotter is back on ice.
1:36 of 2nd period - Wrist shot by Stefan Ruzicka.
1:36 of 2nd period - Shot Blocked by Patrick Wey.
1:46 of 2nd period - Wrist shot by Steve Ott.
1:46 of 2nd period - Stopped by Corey Crawford with a rebound.
1:48 of 2nd period - Snap shot by Stefan Ruzicka.
1:48 of 2nd period - Shot Misses the Net.
1:50 of 2nd period - Slapshot by Kevin Connauton.
1:50 of 2nd period - Stopped by Corey Crawford without a rebound.
1:51 of 2nd period - Michael Chaput wins face-off versus Melker Karlsson in Sasquatch zone.
1:52 of 2nd period - Snap shot by Brandon Kozun.
1:52 of 2nd period - Shot Misses the Net.
1:54 of 2nd period - Wrist shot by Brandon Kozun.
1:54 of 2nd period - Shot Blocked by Martin Marincin.
2:04 of 2nd period - Wrist shot by Brandon Kozun.
2:04 of 2nd period - Deflect By Michael Chaput.
2:04 of 2nd period - Shot Blocked by Martin Marincin.
2:04 of 2nd period - Puck is out of play.
2:05 of 2nd period - Emil Pettersson wins face-off versus Teemu Hartikainen in Sasquatch zone.
2:32 of 2nd period - Martin Marincin is hit by William Carrier and loses puck.
3:06 of 2nd period - Alex Plante is hit by Jeff Skinner.
3:10 of 2nd period - Snap shot by Jesper Fast.
3:10 of 2nd period - Shot Blocked by Alex Plante.
3:12 of 2nd period - Snap shot by T.J. Tynan.
3:12 of 2nd period - Shot Blocked by Alex Plante.
3:14 of 2nd period - Snap shot by Jesper Fast.
3:14 of 2nd period - Stopped by Harru Sateri with a rebound.
3:16 of 2nd period - Slapshot by Brett Pesce.
3:16 of 2nd period - Deflect By Jesper Fast.
3:16 of 2nd period - Stopped by Harru Sateri without a rebound.
3:17 of 2nd period - Emil Pettersson wins face-off versus Matt Halischuk in Ice Dragons zone.
3:48 of 2nd period - Slapshot by Jeff Skinner.
3:48 of 2nd period - Shot Misses the Net.
3:50 of 2nd period - Snap shot by Drew Shore.
3:50 of 2nd period - Stopped by Harru Sateri without a rebound.
3:51 of 2nd period - Drew Shore wins face-off versus Steve Ott in Ice Dragons zone.
3:54 of 2nd period - Wrist shot by Drew Shore.
3:54 of 2nd period - Shot Blocked by Steve Ott.
4:10 of 2nd period - Michael Stone is hit by Patrick Wey and loses puck.
4:49 of 2nd period - Slapshot by Michael Stone.
4:49 of 2nd period - Stopped by Corey Crawford with a rebound.
5:28 of 2nd period - Damon Severson is hit by Drew Shore and loses puck.
5:34 of 2nd period - Icing by Jesper Fast.
5:35 of 2nd period - Emil Pettersson wins face-off versus Drew Shore in Sasquatch zone.
5:48 of 2nd period - Snap shot by Justin Shugg.
5:48 of 2nd period - Shot Misses the Net.
5:59 of 2nd period - Minor Penalty to Jesper Fast for Close Hand On Puck.
6:00 of 2nd period - Steve Ott wins face-off versus Drew Shore in Sasquatch zone.
6:30 of 2nd period - Off-side.
6:31 of 2nd period - T.J. Tynan wins face-off versus Michael Chaput in neutral zone.
6:36 of 2nd period - Snap shot by Teemu Hartikainen.
6:36 of 2nd period - Stopped by Harru Sateri without a rebound.
6:37 of 2nd period - T.J. Tynan wins face-off versus Michael Chaput in Ice Dragons zone.
6:51 of 2nd period - Icing by Damon Severson.
6:52 of 2nd period - Drew Shore wins face-off versus Michael Chaput in Ice Dragons zone.
7:15 of 2nd period - Wrist shot by Brandon Kozun.
7:15 of 2nd period - Shot Misses the Net.
7:17 of 2nd period - Slapshot by Samuel Groulx.
7:17 of 2nd period - Deflect By Dougie Hamilton.
7:17 of 2nd period - Stopped by Corey Crawford without a rebound.
7:18 of 2nd period - Drew Shore wins face-off versus Steve Ott in Sasquatch zone.
7:43 of 2nd period - Slava Voynov is hit by Michael Chaput and loses puck.
7:59 of 2nd period - Penalty to Jesper Fast is over, Jesper Fast is back on ice.
8:12 of 2nd period - Slapshot by Emil Pettersson.
8:12 of 2nd period - Shot Misses the Net.
8:14 of 2nd period - Slapshot by Michael Ferland.
8:14 of 2nd period - Shot Misses the Net.
8:40 of 2nd period - Wrist shot by Devin Shore.
8:40 of 2nd period - Goal by Devin Shore - Sasquatch : 3 - Ice Dragons : 2.
8:41 of 2nd period - Steve Ott wins face-off versus Melker Karlsson in neutral zone.
9:16 of 2nd period - Slapshot by Jesper Fast.
9:16 of 2nd period - Shot Blocked by Damon Severson.
9:34 of 2nd period - Snap shot by William Carrier.
9:34 of 2nd period - Stopped by Corey Crawford without a rebound.
9:35 of 2nd period - Melker Karlsson wins face-off versus Michael Chaput in Sasquatch zone.
9:35 of 2nd period - Melker Karlsson is hit by Michael Chaput.
9:47 of 2nd period - Wrist shot by Teemu Hartikainen.
9:47 of 2nd period - Shot Misses the Net.
9:49 of 2nd period - Snap shot by Teemu Hartikainen.
9:49 of 2nd period - Stopped by Harru Sateri with a rebound.
9:51 of 2nd period - Slapshot by Melker Karlsson.
9:51 of 2nd period - Stopped by Harru Sateri with a rebound.
10:01 of 2nd period - Andrew Campbell is hit by Logan MacMillan and loses puck.
10:28 of 2nd period - Jesper Fast is hit by Damon Severson and loses puck.
11:05 of 2nd period - Snap shot by Teemu Hartikainen.
11:05 of 2nd period - Shot Misses the Net.
11:07 of 2nd period - Slapshot by Melker Karlsson.
11:07 of 2nd period - Stopped by Harru Sateri without a rebound.
11:08 of 2nd period - Steve Ott wins face-off versus Drew Shore in Ice Dragons zone.
11:08 of 2nd period - Steve Ott is hit by Jesper Fast.
11:11 of 2nd period - Minor Penalty to Logan MacMillan for Goalie Interference.
11:12 of 2nd period - Drew Shore wins face-off versus Stefan Ruzicka in Ice Dragons zone.
11:14 of 2nd period - Wrist shot by Drew Shore.
11:14 of 2nd period - Shot Misses the Net.
11:24 of 2nd period - Backhand shot by Drew Shore.
11:24 of 2nd period - Deflect By Michael Stone.
11:24 of 2nd period - Stopped by Harru Sateri without a rebound.
11:25 of 2nd period - Matt Halischuk wins face-off versus Stefan Ruzicka in Ice Dragons zone.
12:36 of 2nd period - Samuel Groulx is hit by Jesper Fast.
12:53 of 2nd period - Icing by Dougie Hamilton.
12:54 of 2nd period - Drew Shore wins face-off versus Theodor Blueger in Sasquatch zone.
13:07 of 2nd period - Minor Penalty to Brock Trotter for Tripping.
13:08 of 2nd period - Stefan Ruzicka wins face-off versus Drew Shore in Sasquatch zone.
13:11 of 2nd period - Penalty to Logan MacMillan is over, Logan MacMillan is back on ice.
13:19 of 2nd period - Wrist shot by Jeff Skinner.
13:19 of 2nd period - Shot Misses the Net.
13:31 of 2nd period - Snap shot by Steve Ott.
13:31 of 2nd period - Stopped by Corey Crawford with a rebound.
13:33 of 2nd period - Wrist shot by Steve Ott.
13:33 of 2nd period - Shot Hit the Post.
13:35 of 2nd period - Snap shot by Logan MacMillan.
13:35 of 2nd period - Shot Misses the Net.
13:41 of 2nd period - Wrist shot by Steve Ott.
13:41 of 2nd period - Shot Blocked by Patrick Wey.
13:43 of 2nd period - Slapshot by Michael Stone.
13:43 of 2nd period - Stopped by Corey Crawford with a rebound.
13:45 of 2nd period - Snap shot by Steve Ott.
13:45 of 2nd period - Shot Misses the Net.
13:47 of 2nd period - Wrist shot by Stefan Ruzicka.
13:47 of 2nd period - Shot Blocked by Dougie Hamilton.
14:09 of 2nd period - Slapshot by Michael Stone.
14:09 of 2nd period - Shot Misses the Net.
14:11 of 2nd period - Wrist shot by Michael Stone.
14:11 of 2nd period - Deflect By Slava Voynov.
14:11 of 2nd period - Goal by Michael Stone - Sasquatch : 3 - Ice Dragons : 3.
14:12 of 2nd period - Melker Karlsson wins face-off versus Michael Chaput in neutral zone.
14:15 of 2nd period - Snap shot by Matt Halischuk.
14:15 of 2nd period - Deflect By William Carrier.
14:15 of 2nd period - Stopped by Harru Sateri without a rebound.
14:16 of 2nd period - Michael Chaput wins face-off versus Melker Karlsson in Ice Dragons zone.
14:16 of 2nd period - Michael Chaput is hit by Dougie Hamilton.
15:04 of 2nd period - Slapshot by Stefan Ruzicka.
15:04 of 2nd period - Stopped by Corey Crawford without a rebound.
15:05 of 2nd period - Brock Trotter wins face-off versus Steve Ott in Sasquatch zone.
15:12 of 2nd period - Slapshot by Slava Voynov.
15:12 of 2nd period - Deflect By Petr Straka.
15:12 of 2nd period - Stopped by Harru Sateri without a rebound.
15:13 of 2nd period - Drew Shore wins face-off versus Stefan Ruzicka in Ice Dragons zone.
15:13 of 2nd period - Drew Shore is hit by Logan MacMillan.
16:07 of 2nd period - Snap shot by Sam Carrick.
16:07 of 2nd period - Shot Misses the Net.
16:17 of 2nd period - Snap shot by Michael Ferland.
16:17 of 2nd period - Stopped by Corey Crawford with a rebound.
16:19 of 2nd period - Snap shot by Michael Ferland.
16:19 of 2nd period - Shot Misses the Net.
16:21 of 2nd period - Snap shot by Justin Shugg.
16:21 of 2nd period - Shot Misses the Net.
16:23 of 2nd period - Slapshot by Damon Severson.
16:23 of 2nd period - Stopped by Corey Crawford with a rebound.
16:25 of 2nd period - Wrist shot by Justin Shugg.
16:25 of 2nd period - Shot Misses the Net.
16:37 of 2nd period - Brett Pesce is hit by Brandon Kozun.
17:06 of 2nd period - Stefan Ruzicka is hit by Dougie Hamilton and loses puck.
17:31 of 2nd period - Matt Halischuk is hit by Damon Severson and loses puck.
17:44 of 2nd period - Melker Karlsson is hit by Kevin Connauton and loses puck.
18:21 of 2nd period - Martin Marincin is hit by Michael Chaput and loses puck.
18:26 of 2nd period - Snap shot by William Carrier.
18:26 of 2nd period - Stopped by Corey Crawford with a rebound.
18:32 of 2nd period - Minor Penalty to Petr Straka for Hooking.
18:33 of 2nd period - Steve Ott wins face-off versus Drew Shore in Sasquatch zone.
18:40 of 2nd period - Snap shot by Steve Ott.
18:40 of 2nd period - Shot Misses the Net.
18:42 of 2nd period - Slapshot by Samuel Groulx.
18:42 of 2nd period - Stopped by Corey Crawford with a rebound.
18:44 of 2nd period - Wrist shot by Logan MacMillan.
18:44 of 2nd period - Goal by Logan MacMillan - Sasquatch : 3 - Ice Dragons : 4.
18:45 of 2nd period - Drew Shore wins face-off versus Steve Ott in neutral zone.
18:56 of 2nd period - Snap shot by Drew Shore.
18:56 of 2nd period - Shot Blocked by Steve Ott.
19:10 of 2nd period - Patrick Wey is hit by Brandon Kozun and loses puck.
19:37 of 2nd period - Snap shot by Patrick Wey.
19:37 of 2nd period - Deflect By Brock Trotter.
19:37 of 2nd period - Stopped by Harru Sateri without a rebound.
19:38 of 2nd period - Steve Ott wins face-off versus Drew Shore in Ice Dragons zone.
Goals for this period are 1 for Sasquatch vs 2 for Ice Dragons.
Shots for this period are 12 for Sasquatch vs 16 for Ice Dragons.
3rd period
0:01 of 3rd period - Steve Ott wins face-off versus Drew Shore in neutral zone.
0:26 of 3rd period - Kevin Connauton is hit by Melker Karlsson and loses puck.
0:53 of 3rd period - Patrick Wey is hit by Michael Ferland and loses puck.
1:06 of 3rd period - Wrist shot by Dougie Hamilton.
1:06 of 3rd period - Stopped by Harru Sateri without a rebound.
1:07 of 3rd period - T.J. Tynan wins face-off versus Sam Carrick in Ice Dragons zone.
1:12 of 3rd period - Snap shot by Nicolas Deslauriers.
1:12 of 3rd period - Shot Hit the Post.
1:18 of 3rd period - Nicolas Deslauriers is hit by Stefan Ruzicka and loses puck.
1:44 of 3rd period - Samuel Groulx is hit by Nicolas Deslauriers and loses puck.
1:53 of 3rd period - Wrist shot by T.J. Tynan.
1:53 of 3rd period - Deflect By Nicolas Deslauriers.
1:53 of 3rd period - Stopped by Harru Sateri with a rebound.
2:11 of 3rd period - Snap shot by Sam Carrick.
2:11 of 3rd period - Shot Misses the Net.
2:13 of 3rd period - Snap shot by Stefan Ruzicka.
2:13 of 3rd period - Stopped by Corey Crawford without a rebound.
2:14 of 3rd period - Drew Shore wins face-off versus Michael Chaput in Sasquatch zone.
2:39 of 3rd period - Justin Shugg is hit by Matt Halischuk and loses puck.
3:05 of 3rd period - Snap shot by Steve Ott.
3:05 of 3rd period - Goal by Steve Ott - Sasquatch : 3 - Ice Dragons : 5.
3:06 of 3rd period - Drew Shore wins face-off versus Steve Ott in neutral zone.
4:40 of 3rd period - Off-side.
4:41 of 3rd period - Michael Chaput wins face-off versus T.J. Tynan in neutral zone.
6:22 of 3rd period - Icing by Martin Marincin.
6:23 of 3rd period - T.J. Tynan wins face-off versus Emil Pettersson in Sasquatch zone.
6:29 of 3rd period - Minor Penalty to Alex Plante for Holding.
6:30 of 3rd period - Stefan Ruzicka wins face-off versus Drew Shore in Ice Dragons zone.
8:00 of 3rd period - Wrist shot by Drew Shore.
8:00 of 3rd period - Shot Misses the Net.
8:29 of 3rd period - Penalty to Alex Plante is over, Alex Plante is back on ice.
8:34 of 3rd period - Logan MacMillan is hit by Jeff Skinner and loses puck.
8:49 of 3rd period - Snap shot by Drew Shore.
8:49 of 3rd period - Shot Misses the Net.
8:51 of 3rd period - Slapshot by Slava Voynov.
8:51 of 3rd period - Deflect By Drew Shore.
8:51 of 3rd period - Stopped by Harru Sateri with a rebound.
8:53 of 3rd period - Slapshot by Martin Marincin.
8:53 of 3rd period - Shot Misses the Net.
8:55 of 3rd period - Snap shot by Jeff Skinner.
8:55 of 3rd period - Shot Misses the Net.
8:57 of 3rd period - Slapshot by Drew Shore.
8:57 of 3rd period - Stopped by Harru Sateri with a rebound.
8:59 of 3rd period - Snap shot by Martin Marincin.
8:59 of 3rd period - Stopped by Harru Sateri without a rebound.
9:00 of 3rd period - Emil Pettersson wins face-off versus Devin Shore in Ice Dragons zone.
9:25 of 3rd period - Christian Djoos is hit by Sven Andrighetto and loses puck.
9:40 of 3rd period - Minor Penalty to Chris Wagner for Hooking.
9:41 of 3rd period - Steve Ott wins face-off versus Melker Karlsson in Ice Dragons zone.
9:52 of 3rd period - Wrist shot by Brock Trotter.
9:52 of 3rd period - Stopped by Harru Sateri with a rebound.
9:54 of 3rd period - Slapshot by Patrick Wey.
9:54 of 3rd period - Deflect By Melker Karlsson.
9:54 of 3rd period - Shot Misses the Net.
9:54 of 3rd period - Puck is out of play.
9:55 of 3rd period - Stefan Ruzicka wins face-off versus Melker Karlsson in Ice Dragons zone.
10:44 of 3rd period - Damon Severson is hit by Brock Trotter and loses puck.
11:11 of 3rd period - Kevin Connauton is hit by Teemu Hartikainen and loses puck.
11:40 of 3rd period - Penalty to Chris Wagner is over, Chris Wagner is back on ice.
11:53 of 3rd period - Minor Penalty to Michael Ferland for High sticking.
11:54 of 3rd period - Steve Ott wins face-off versus Drew Shore in Ice Dragons zone.
11:54 of 3rd period - Steve Ott is hit by Matt Halischuk.
13:19 of 3rd period - Michael Stone is hit by Drew Shore and loses puck.
13:40 of 3rd period - Teemu Hartikainen is hit by Michael Stone and loses puck.
13:53 of 3rd period - Penalty to Michael Ferland is over, Michael Ferland is back on ice.
14:01 of 3rd period - Snap shot by Kevin Connauton.
14:01 of 3rd period - Shot Misses the Net.
14:45 of 3rd period - Minor Penalty to Brett Pesce for Holding.
14:46 of 3rd period - Steve Ott wins face-off versus Drew Shore in Sasquatch zone.
14:47 of 3rd period - Slapshot by Stefan Ruzicka.
14:47 of 3rd period - Stopped by Corey Crawford without a rebound.
14:48 of 3rd period - Steve Ott wins face-off versus Drew Shore in Sasquatch zone.
15:30 of 3rd period - Icing by Samuel Groulx.
15:31 of 3rd period - T.J. Tynan wins face-off versus Michael Chaput in Ice Dragons zone.
15:52 of 3rd period - Slapshot by Slava Voynov.
15:52 of 3rd period - Shot Misses the Net.
15:54 of 3rd period - Slapshot by Martin Marincin.
15:54 of 3rd period - Shot Blocked by Steve Ott.
15:56 of 3rd period - Slapshot by Slava Voynov.
15:56 of 3rd period - Shot Misses the Net.
15:58 of 3rd period - Wrist shot by T.J. Tynan.
15:58 of 3rd period - Stopped by Harru Sateri without a rebound.
15:59 of 3rd period - Michael Chaput wins face-off versus Drew Shore in Ice Dragons zone.
16:04 of 3rd period - Slapshot by Drew Shore.
16:04 of 3rd period - Stopped by Harru Sateri with a rebound.
16:26 of 3rd period - Snap shot by Stefan Ruzicka.
16:26 of 3rd period - Stopped by Corey Crawford without a rebound.
16:27 of 3rd period - Drew Shore wins face-off versus Logan MacMillan in Sasquatch zone.
16:45 of 3rd period - Penalty to Brett Pesce is over, Brett Pesce is back on ice.
16:53 of 3rd period - Wrist shot by Brock Trotter.
16:53 of 3rd period - Stopped by Harru Sateri with a rebound.
17:17 of 3rd period - Wrist shot by Stefan Ruzicka.
17:17 of 3rd period - Shot Blocked by Brett Pesce.
17:23 of 3rd period - Michael Stone is hit by Teemu Hartikainen and loses puck.
17:36 of 3rd period - Slapshot by Kevin Connauton.
17:36 of 3rd period - Shot Misses the Net.
17:38 of 3rd period - Snap shot by Michael Ferland.
17:38 of 3rd period - Shot Misses the Net.
18:08 of 3rd period - Wrist shot by T.J. Tynan.
18:08 of 3rd period - Stopped by Harru Sateri with a rebound.
18:10 of 3rd period - Backhand shot by Dougie Hamilton.
18:10 of 3rd period - Stopped by Harru Sateri with a rebound.
Goals for this period are 0 for Sasquatch vs 1 for Ice Dragons.
Shots for this period are 11 for Sasquatch vs 4 for Ice Dragons.
Back to the Top